 Dungeon Crawl Stone Soup version bcrawl-1.21.3 (webtiles) character file.

Game seed: 11964052616122768604

61 Freyura the Skirmisher (level 3, -2/30 HPs)
             Began as a Demonspawn Abyssal Knight on Mar 31, 2020.
             Was a Believer of Lugonu.
             Killed from afar by an orc wizard (8 damage)
             ... with a puff of flame
             ... on level 2 of the Dungeon on Apr 1, 2020.
             The game lasted 00:04:03 (2250 turns).

Freyura the Skirmisher (Demonspawn Abyssal Knight)  Turns: 2250, Time: 00:04:04

Health: -2/30      AC:  4    Str: 12    XL:     3   Next: 83%
Magic:  5/5        EV: 11    Int: 13    God:    Lugonu [**....]
Gold:   47         SH:  0    Dex: 13    Spells: 2/2 levels left

rFire    . . .     SeeInvis .   a - +1 mace
rCold    . . .     Gourm    .   (no shield)
rNeg     . . .     Faith    .   b - +0 leather armour
rPois    .         Spirit   .   l - +0 helmet
rElec    .         Reflect  .   (no cloak)
rCorr    .         Harm     .   (no gloves)
MR       .....                  (no boots)
Stlth    +.........             (no amulet)
HPRegen  0.10/turn              (no ring)
MPRegen  0.09/turn              (no ring)

@: no status effects
A: claws 2
a: Depart the Abyss, Bend Space, Banish, Renounce Religion


You were on level 2 of the Dungeon.
You worshipped Lugonu.
Lugonu was pleased with you.
You were not hungry.

You visited 1 branch of the dungeon, and saw 2 of its levels.
You visited the Abyss 1 time.

You collected 47 gold pieces.

Inventory:

Hand Weapons
 a - a +1 mace (weapon)
Missiles
 c - 10 tomahawks of dispersal (quivered)
 d - 424 stones
Armour
 b - a +0 leather armour (worn)
 l - a +0 helmet (worn)
Scrolls
 f - 3 scrolls of remove curse {unknown}
 i - a scroll of enchant weapon {unknown}
 m - a scroll of teleportation {unknown}
 n - a scroll of fear {unknown}
Potions
 g - 2 potions of resistance {unknown}
 h - a potion of flight {unknown}
 j - a potion of heal wounds {unknown}
 k - 2 potions of curing {unknown}
Comestibles
 e - 2 rations {!d}


   Skills:
 + Level 3.7 Fighting
 * Level 2.7 Maces & Flails
 - Level 0.8 Throwing
 + Level 2.1 Armour
 + Level 1.2 Dodging
 + Level 0.1 Stealth
 + Level 2.9 Invocations


You had 2 spell levels left.
You didn't know any spells.
Your spell library was empty.

Dungeon Overview and Level Annotations

Branches:
Dungeon (2/12)

Altars:


Innate Abilities, Weirdness & Mutations

You have very sharp fingernails.


Message History

The worm bites you.
You hit the worm.
The worm is lightly wounded.
Something hits you but does no damage.
You hit the worm.
The worm is moderately wounded.
The worm barely misses you.
You hit the worm.
The worm is moderately wounded.
You thump the worm!
The worm is severely wounded.
The worm bites you!
* * * LOW HITPOINT WARNING * * *
You sock the worm!
You kill the worm!
Lugonu accepts your kill.
You hear some strange, mumbled words.
A puff of flame appears from out of thin air!
The puff of flame hits you!
You die...

### #.# ###.#
...### # #....
#.#......# ###
#....##..#
.(..######@##..#
#......##)##..##
#....).##g.....#
...##).....#...#
..............†.#
...P.PPP#.#.#..##
...P...P....##.##
...P....#.#.#†..#
#
..#P...P#.#.#)###
#


You could see a goblin.

Vanquished Creatures
  An ooze (D:2)
  A worm (D:2)
  2 dart slugs (D:2)
  A leopard gecko (D:2)
  3 orcs (D:2)
  6 bats (D:1)
  2 giant cockroaches
  2 goblins
  10 hobgoblins
  2 frilled lizards (D:2)
  8 kobolds
  5 rats
43 creatures vanquished.

Vanquished Creatures (others)
  4 toadstools (D:2)
4 creatures vanquished.

Grand Total: 47 creatures vanquished

Notes
Turn   | Place    | Note
-------+----------+-------------------------------------------
     0 | Abyss:1  | Freyura the Demonspawn Abyssal Knight began the quest for
                  | the Orb.
     0 | Abyss:1  | Reached XP level 1. HP: 18/18 MP: 2/2
    23 | D:1      | Escaped the Abyss
   352 | D:1      | Gained mutation: You have sharp fingernails. [demonic
                  | ancestry]
   352 | D:1      | Reached XP level 2. HP: 24/24 MP: 4/4
   813 | D:1      | Reached skill level 1 in Dodging
  1454 | D:2      | Reached ** piety under Lugonu
  1736 | D:2      | Gained mutation: You have very sharp fingernails. [demonic
                  | ancestry]
  1736 | D:2      | Reached XP level 3. HP: 26/29 MP: 5/5
  2250 | D:2      | Killed from afar by an orc wizard

Skill      XL: |  1  2  3 |
---------------+----------+-----
Maces & Flails | 2 |  2.7
Dodging        | 1 |  1.2
Armour         | 2 |  2.1
Fighting       | |  3.7
Throwing       | |  0.8
Stealth        | |  0.1
Invocations    | |  2.9

Action                   || total
-------------------------++-------
Melee: Mace              ||   147
  Eat: Ration            ||     1
       Chunk             ||     1
Armor: Leather armour    ||    43
Dodge: Dodged            ||   102
